 Dungeon Crawl Stone Soup version 0.18-a0-1186-gd02dc51 (webtiles) character file.

188 kae the Insei (level 5, -2/41 HPs)
             Began as a Demonspawn Monk on Jan 28, 2016.
             Slain by a slave (9 damage)
             ... led by Pikel
             ... on level 4 of the Dungeon.
             The game lasted 00:03:30 (2684 turns).

kae the Insei (Demonspawn Monk)                     Turns: 2684, Time: 00:03:30

Health: -2/41      AC:  4    Str: 11    XL:     5   Next: 39%
Magic:  5/5        EV: 15    Int: 11    God:
Gold:   331        SH:  0    Dex: 17    Spells: 0 memorised, 4 levels left

rFire  . . .     SeeInvis .       - Unarmed
rCold  . . .     Gourm    .     a - +1 robe
rNeg   . . .     Faith    .     (no shield)
rPois  .         Spirit   .     (no helmet)
rElec  .         Dismiss  .     f - +0 cloak
rCorr  .         Reflect  .     (no gloves)
SustAt .         Harm     .     (no boots)
MR     +....                    (no amulet)
Stlth  +++.......               (no ring)
                                p - ring of protection from magic

@: somewhat resistant to hostile enchantments, fairly stealthy
A: claws 1, repulsion field 1, nightstalker 1
a: no special abilities


You were on level 4 of the Dungeon.
You were not hungry.

You visited 2 branches of the dungeon, and saw 5 of its levels.

You collected 331 gold pieces.

Inventory:

Armour
 a - a +1 robe (worn)
 f - a +0 cloak (worn)
Jewellery
 p - a ring of protection from magic (left claw)
Scrolls
 d - 5 scrolls of recharging
 e - a scroll of immolation {unknown}
 h - a scroll of enchant weapon
 r - a scroll of remove curse {unknown}
Potions
 g - a potion of cancellation
 i - a potion of flight
 k - 3 potions of curing
 l - a potion of ambrosia {unknown}
 n - a potion of heal wounds {unknown}
 o - 2 potions of mutation {unknown}
Comestibles
 b - 3 bread rations
 c - 2 meat rations
 j - a slice of pizza
 m - 9 fruits


   Skills:
 - Level 3.0 Fighting
 - Level 2.6 Dodging
 - Level 1.7 Stealth
 + Level 6.1 Unarmed Combat


You had 4 spell levels left.
You didn't know any spells.

Dungeon Overview and Level Annotations

Branches:
Dungeon (4/15)             Temple (1/1) D:4

Altars:
Ashenzari
Cheibriados
Dithmenos
Elyvilon
Fedhas
Nemelex Xobeh
Qazlal
Trog
Vehumet
Xom
The Shining One

Annotations:
D:4 Pikel


Innate Abilities, Weirdness & Mutations

You have sharp fingernails.
You are surrounded by a mild repulsion field (EV +2).
You are slightly more attuned to the shadows.


Message History

The slave hits you.
You closely miss the slave.
The slave is heavily wounded.
The slave misses you.
You scratch the slave.
The slave is severely wounded.
You barely miss the slave.
The slave is severely wounded.
The slave hits you.
You barely miss the slave.
The slave is severely wounded.
The slave hits you!
* * * LOW HITPOINT WARNING * * *
You are too injured to fight recklessly!
You are too injured to fight recklessly!
You are too injured to fight recklessly!
You scratch the slave.
The slave is severely wounded.
The slave hits you!
You die...

..# ##[....## ##§§.# ..#
##.....### #####§§§.. .##
##### ##......###..§§§§### .#
##...### #.......##.#§§§§§# .#
#......#####........_..§§§.#
.#
##....<...####......#.#..§..#
##
#..........####....##........#
#
#.................#######....#
#####...........@p..## ##....
#..............###..# #...
..################.## #. ###
#..# ##.## ######### #.p#
........###..# ..........#.##
.......p....#


You could see a slave.

Vanquished Creatures
  Blork the orc (D:4)
  Jessica (D:2)
  An adder (D:3)
  2 oozes (D:3)
  2 worms
  A giant gecko (D:4)
  10 orcs
  A ball python (D:4)
  4 giant cockroaches
  3 goblins
  4 hobgoblins
  3 jackals (D:4)
  2 quokkas
  7 bats
  3 giant newts
  3 kobolds
  7 rats
  A fungus (D:1)
56 creatures vanquished.

Notes
Turn   | Place    | Note
--------------------------------------------------------------
     0 | D:1      | kae the Demonspawn Monk began the quest for the Orb.
     0 | D:1      | Reached XP level 1. HP: 18/18 MP: 1/1
   310 | D:1      | Reached skill level 4 in Unarmed Combat
   344 | D:1      | Gained mutation: You are surrounded by a mild repulsion field (EV +2). [demonic ancestry]
   344 | D:1      | Reached XP level 2. HP: 18/24 MP: 2/2
   871 | D:2      | Noticed Jessica
   877 | D:2      | Killed Jessica
   877 | D:2      | Gained mutation: You have sharp fingernails. [demonic ancestry]
   877 | D:2      | Reached XP level 3. HP: 16/29 MP: 3/3
  1216 | D:2      | Found a stormy altar of Qazlal.
  1321 | D:3      | Reached skill level 5 in Unarmed Combat
  1451 | D:3      | Found a glowing golden altar of the Shining One.
  1605 | D:3      | Reached XP level 4. HP: 35/35 MP: 4/4
  1971 | D:4      | Found a staircase to the Ecumenical Temple.
  2018 | Temple   | Entered the Ecumenical Temple
  2224 | D:4      | Found a shattered altar of Ashenzari.
  2430 | D:4      | Noticed Blork the orc
  2443 | D:4      | Killed Blork the orc
  2443 | D:4      | Reached skill level 6 in Unarmed Combat
  2443 | D:4      | Gained mutation: You are slightly more attuned to the shadows. [demonic ancestry]
  2443 | D:4      | Reached XP level 5. HP: 25/41 MP: 5/5
  2644 | D:4      | Noticed a slave
  2647 | D:4      | Noticed Pikel
  2648 | D:4      | Noticed a slave
  2684 | D:4      | Slain by a slave

Vault maps used:
D:1:      scummos_arrival_star, minmay_gold_behind_fungi
D:2:      grunt_qazlal_clouds, first_bread, uniq_jessica
D:3:      nicolae_tso_carved_into_rock
D:4:      lemuel_crystal_altar, minmay_temple_entry_butterflies, uniq_pikel,
          uniq_blork_the_orc
Temple:   jpeg_temple_alley_garden_8

Action                   |  1- 3 |  4- 6 || total
-------------------------+-------+-------++-------
Melee: Unarmed           |   118 |    91 ||   209
  Use: Scroll            |     5 |     5 ||    10
 Stab: Sleeping          |     1 |     1 ||     2
       Distracted        |       |     1 ||     1
  Eat: Chunk             |     2 |     4 ||     6
